 Dungeon Crawl Stone Soup version 0.31-a0-37-g98a128e1d9 (webtiles) character file.

Game seed: 954825676237230574

52 BlueFish the Charlatan (level 3, -7/29 HPs)
             Began as a Draconian Artificer on May 15, 2023.
             Killed themself with a badly aimed iceblast (20 damage)
             ... on level 2 of the Dungeon.
             The game lasted 00:03:40 (1301 turns).

BlueFish the Charlatan (Draconian Artificer)        Turns: 1301, Time: 00:03:40

Health: -7/29      AC:  6    Str: 14    XL:     3   Next: 60%
Magic:  3/3        EV: 12    Int: 13    God:
Gold:   69         SH:  0    Dex: 11    Spells: 2/2 levels left

rFire   . . .        h - +0 short sword
rCold   . . .        (no shield)
rNeg    . . .        (body armour unavailable)
rPois   .            (helmet restricted)
rElec   .            (no cloak)
rCorr   .            (no gloves)
SInv    .            f - +0 pair of boots
Will    .....        (no amulet)
Stlth   ++           (no ring)
HPRegen 0.24/turn    (no ring)
MPRegen 0.08/turn

%: no passive effects
@: no status effects
A: AC +5, unfitting armour, cold-blooded
a: no special abilities


You were on level 2 of the Dungeon.
You visited 1 branch of the dungeon, and saw 2 of its levels.

You collected 69 gold pieces.

Inventory:

Hand Weapons
 a - a +0 club
 h - a +0 short sword (weapon)
Armour
 f - a +0 pair of boots (worn)
Wands
 b - a wand of flame (15) (quivered)
 c - a wand of charming (15)
 d - a wand of iceblast (5)
Scrolls
 e - 3 scrolls of magic mapping {unknown}
 g - a scroll of teleportation {unknown}
 i - 3 scrolls of identify {unknown}
 k - a scroll of immolation {unknown}
Potions
 j - a potion of curing
 l - a potion of haste {unknown}


   Skills:
 + Level 2.1 Fighting
 + Level 0.0 Short Blades
 + Level 2.6 Dodging
 + Level 1.8 Stealth
 + Level 3.4 Evocations


You had 2 spell levels left.
You didn't know any spells.
Your spell library contained the following spells:

 Spells                   Type           Power      Damage    Failure   Level
 Blink                    Tloc           0%         N/A       43%         2
 Lesser Beckoning         Tloc           0%         N/A       43%         2
 Momentum Strike          Conj/Tloc      0%         3d8       43%         2


Dungeon Overview and Level Annotations

Branches:
Dungeon (2/15)

Altars:


Innate Abilities, Weirdness & Mutations

Your plain brown scales are hard. (AC +5)
You cannot fit into any form of body armour.
You are cold-blooded and may be slowed by cold attacks.


Message History

You feel sick. The adder bites you.
You are more poisoned.
The adder poisons you!
You completely miss the adder.
The adder is moderately wounded.
You feel sick. The adder bites you. The adder completely misses you.
The adder closely misses you.
You hit the adder but do no damage.
The adder is moderately wounded.
You feel sick. The adder completely misses you.
The adder bites you but does no damage.
You feel sick. The adder misses you. x2
You feel sick. The adder bites you but does no damage.
You miss the adder.
You feel sick. The adder bites you but does no damage.
You barely miss the adder.
Your tail-slap misses the adder.
You feel sick. The adder bites you.
You closely miss the adder.
You feel sick. The adder barely misses you. The adder misses you.
You hit the adder.
Your tail-slap misses the adder.
The adder is lightly wounded.
You feel sick.
You are no longer poisoned.
The adder bites you but does no damage.
You hit the adder.
The adder is moderately wounded.
The adder misses you.
You hit the adder.
The adder is heavily wounded.
The adder closely misses you.
Aiming: Iceblast
Press: ? - help, Shift-Dir - straight line, f - adder
Aim: an adder (heavily wounded) That beam is likely to hit you.
Continue anyway?
The mass of ice explodes!
The iceblast engulfs the adder!
You kill the adder!
The iceblast engulfs the adder!
You kill the adder!
The iceblast engulfs you!!
Ouch! That really hurt!
You die...

#..##..##....
#.........#
#...#..##.#
#...#..##.#
#.........####
#...#.........
#..†..........
#.#####..##.######
#.......)†@.#
######..#### #..#
#..# #..# #....
##.### #.# #.#


There were no monsters in sight!

Vanquished Creatures
  4 adders
  2 worms (D:2)
  3 ball pythons
  A bat (D:2)
  3 endoplasms
  3 goblins
  A hobgoblin (D:2)
  3 jackals (D:2)
  2 quokkas (D:1)
  2 frilled lizards
  3 kobolds
  A rat (D:1)
28 creatures vanquished.

Notes
Turn   | Place    | Note
-------+----------+-------------------------------------------
     0 | D:1      | BlueFish the Draconian Artificer began the quest for the
                  | Orb.
     0 | D:1      | Reached XP level 1. HP: 16/16 MP: 1/1
   148 | D:1      | Reached skill level 1 in Stealth
   337 | D:1      | Reached XP level 2. HP: 22/23 MP: 2/2
   421 | D:1      | Found a faded altar of an unknown god.
   879 | D:2      | Reached XP level 3. HP: 16/29 MP: 3/3
  1301 | D:2      | Killed themself with a badly aimed iceblast

Illustrated notes

Levels and vault maps discovered:
D:1:      dpeg_arrival_boxes_within_box, layout_basic,
          shapermc_ecumenical_altar_venn
D:2:      minmay_roachtagon, layout_loops_ring, small_statue_intersection,
          uniq_crazy_yiuf_cottage

Skill      XL: |  1  2  3 |
---------------+----------+-----
Stealth        | 1 |  1.8
Fighting       | 2 |  2.1
Dodging        | |  2.6
Evocations     | |  3.4

Action                     || total
---------------------------++-------
  Melee: Club              ||    21
         Short sword       ||   161
         Tailslap          ||    23
         Punch             ||     1
    Use: Potion            ||     2
   Stab: Distracted        ||     1
 Armour: Skin              ||    59
  Dodge: Dodged            ||   112

Table legend: (Time is in decaauts)
 A = Elapsed time spent in this place.
 B = Non-inter-level travel time spent in this place.
 C = Inter-level travel time spent in this place.
 D = Time resting spent in this place.
 E = Time spent auto-exploring this place.
 F = Levels seen in this place.
 G = Mean time per level.
                   A        B        C        D        E       F      G
               +--------+--------+--------+--------+--------+-----+--------+
         Total |   1309 |   1251 |     58 |      0 |    872 |   2 |  654.5 |
       Dungeon |   1309 |   1251 |     58 |      0 |    872 |   2 |  654.5 |
               +--------+--------+--------+--------+--------+-----+--------+

Top non-repeatable levels by time:
     D:1: 842 daAuts
     D:2: 467 daAuts
